 Dungeon Crawl Stone Soup version 0.17-a0-1738-g82cdc46 (webtiles) character file.

42 poirepourri the Vexing (level 3, -1/26 HPs)
             Began as a Formicid Arcane Marksman on Aug 30, 2015.
             Slain by a gnoll
             ... wielding a +0 spear
              (10 damage)
             ... on level 2 of the Dungeon.
             The game lasted 00:02:08 (1062 turns).

poirepourri the Vexing (Formicid Arcane Marksman)   Turns: 1062, Time: 00:02:09

Health: -1/26      AC:  2    Str: 20    XL:     3   Next: 80%
Magic:  3/5        EV:  6    Int: 12    God:
Gold:   63         SH:  0    Dex: 11    Spells: 1 memorised, 4 levels left

rFire  . . .     SeeInvis +     a - +0 hand crossbow
rCold  . . .     Clarity  .     c - +0 robe
rNeg   . . .     SustAt   .     (no shield)
rPois  .         Gourm    .     (helmet unavailable)
rElec  .         Spirit   .     (no cloak)
rCorr  .         Warding  .     (no gloves)
rMut   .         Stasis   +     (no boots)
MR     .....                    (no amulet)
Stlth  +.........               (no ring)
                                (no ring)

@: mighty, held, not resistant to hostile enchantments, very unstealthy
A: permanent stasis, dig shafts and tunnels, four strong arms, antennae 3
a: Dig, Shaft Self


You were on level 2 of the Dungeon.
You were very hungry.

You visited 1 branch of the dungeon, and saw 2 of its levels.

You collected 63 gold pieces.

Inventory:

Hand weapons
 a - a +0 hand crossbow (weapon)
Missiles
 b - 4 bolts (quivered)
Armour
 c - a +0 robe (worn)
Jewellery
 f - a +2 ring of intelligence {unknown}
 p - an uncursed ring of protection from fire {unknown}
Scrolls
 g - 2 scrolls of identify {unknown}
 i - a scroll of fear {unknown}
 m - a scroll of recharging {unknown}
 n - a scroll of remove curse {unknown}
 o - a scroll of teleportation {unknown}
Potions
 h - a potion of agility {unknown}
 k - 2 potions of degeneration {unknown}
Books
 d - a book of Debilitation

   Spells                             Type                      Level
   a - Corona                         Hexes                        1
   b - Slow                           Hexes                        2
   c - Gell's Gravitas                Hexes/Translocation          3
   d - Inner Flame                    Hexes/Fire                   3
   e - Cause Fear                     Hexes                        4
   f - Leda's Liquefaction            Hexes/Earth                  4
Comestibles
 e - a bread ration
 l - a meat ration


   Skills:
 + Level 1.1 Fighting
 + Level 3.0 Crossbows
 + Level 1.9 Dodging
 + Level 1.5 Spellcasting
 + Level 4.2 Hexes


You had 4 spell levels left.
You knew the following spells:

 Your Spells              Type           Power        Failure   Level  Hunger
a - Corona                Hex            ##.....      6%          1    ##.....


Dungeon Overview and Level Annotations

Branches:
Dungeon (2/15)

Altars:


Innate Abilities, Weirdness & Mutations

You are under a permanent stasis effect.
You can dig through walls and to a lower floor.
Your four strong arms can wield two-handed weapons with a shield.
You have a pair of large antennae on your head (SInv).


Message History

Confirm with . or Enter, or press ? or * to list all spells.
Aiming: Corona
Press: ? - help, Shift-Dir - straight line, f/p - gnoll
Aim: a gnoll, wielding a spear (moderately wounded, chance to defeat MR: 55%)
The gnoll is outlined in light.
The gnoll hits you but does no damage.
A gnoll comes into view. It is wielding a halberd.
You cannot shoot with your hand crossbow while held in a net.
Unknown command.
Unknown command.
You struggle against the net.
The gnoll moves out of view.
The gnoll hits you from afar with a spear.
You try to slip out of the net.
The gnoll hits you from afar with a spear.
You try to slip out of the net.
The gnoll hits you from afar with a spear!
Drink which item? (? for menu, Esc to quit)
It was a potion of might.
You feel very mighty all of a sudden.
The gnoll hits you from afar with a spear!
You die...

..###########
..(ggg.@.^..#
##.######)#.# ##.#..#
#..#.## ##.#...#
#...#.## ##.#....#
#....#.##.##.#.....#
###.....#.#.#.#......#
.........#.#.#.......#
..........#.#........#


You could see 3 gnolls.

Vanquished Creatures
  A gnoll (D:2)
  A worm (D:2)
  5 hobgoblins (D:1)
  7 jackals (D:1)
  2 kobolds
  3 bats (D:1)
  4 giant newts
  4 goblins (D:1)
  4 rats (D:1)
31 creatures vanquished.

Notes
Turn   | Place    | Note
--------------------------------------------------------------
     0 | D:1      | poirepourri the Formicid Arcane Marksman began the quest for the Orb.
     0 | D:1      | Reached XP level 1. HP: 15/15 MP: 2/2
   120 | D:1      | Reached skill level 4 in Hexes
   120 | D:1      | Reached XP level 2. HP: 21/21 MP: 3/3
   685 | D:1      | Reached XP level 3. HP: 24/26 MP: 2/4
  1062 | D:2      | Slain by a gnoll

Vault maps used:
D:1:      saegor_arrival_simple_e, amethyst_killhole
D:2:      wad_pebble_path, minmay_misc_feat_ornament

Action                   || total
-------------------------++-------
 Fire: Hand crossbow     ||    73
 Cast: Corona            ||    21
  Use: Potion            ||     1
